 Dungeon Crawl Stone Soup version 0.32-a0-938-g40ac7a0f4d (webtiles) character file.

Game seed: 15590989773720182418

1618018 RBrandon the Evocator (level 26, 194/223 HPs)
             Began as a Coglin Berserker on Apr 16, 2024.
             Was a High Priest of Trog.
             Escaped with the Orb
             ... and 3 runes!
             The game lasted 02:54:31 (70086 turns).

RBrandon the Evocator (Coglin Berserker)           Turns: 70086, Time: 02:54:32

Health: 194/223    AC: 26    Str: 21    XL:     26   Next: 46%
Magic:  7/7        EV: 30    Int: 15    God:    Trog [*****.]
Gold:   6044       SH:  0    Dex: 24    Spells: 25/25 levels left

rFire   . . .        a - +9 quick blade (drain) {Dave}
rCold   + . .        b - +9 quick blade (antimagic) {Ning}
rNeg    . . .        i - +3 steam dragon scales "Voitom" {Rampage Dex+2 Slay+3}
rPois   .            u - +3 helmet "Orchuoley" {Int+6}
rElec   .            R - scarf {+Inv}
rCorr   .            N - +2 pair of gloves {hurl}
SInv    .            M - +2 pair of boots
Will    +....        (amulet unavailable)
Stlth   +++          (ring unavailable)
HPRegen 0.57/turn    (ring unavailable)
MPRegen 0.10/turn    y - dynamic compensator {Gadgeteer, rC+ Slay+3}

%: rampage
@: studying Staves
A: off-hand wielding, slow wielding, warmup strikes, no jewellery, iridescent
scales 1, strong 1, inability to drink after injury 1
0: Orb of Zot
}: 3/15 runes: barnacled, slimy, gossamer
a: Renounce Religion, Evoke Invisibility, Berserk, Trog's Hand, Brothers in Arms


You escaped.
You worshipped Trog.
Trog was extremely pleased with you.
You visited 11 branches of the dungeon, and saw 52 of its levels.
You also visited: Ossuary and Wizlab.

You collected 7192 gold pieces.
You spent 1148 gold pieces at shops.

Inventory:

Hand Weapons
 a - a +9 quick blade of draining (weapon) {Dave}
   (You acquired it on level 2 of the Lair of Beasts)
 b - a +9 antimagic quick blade (offhand) {Ning}
   (Trog gifted it to you on level 3 of the Vaults)
Missiles
 v - 7 throwing nets
 V - 17 javelins
 W - 10 silver javelins
 X - 9 curare-tipped darts
Armour
 i - the +3 steam dragon scales "Voitom" (worn) {Rampage Dex+2 Slay+3}
   (You took it off a deep elf master archer on level 3 of the Elven Halls)

   Dex+2:     It affects your dexterity (+2).
   Slay+3:    It affects your accuracy & damage with ranged weapons and melee
   (+3).
   Rampage:   It bestows one free step when moving towards enemies.
 u - the +3 helmet "Orchuoley" (worn) {Int+6}
   (You found it on level 5 of the Pits of Slime)

   Int+6:     It affects your intelligence (+6).
 G - a scarf of resistance
   (You found it on level 3 of the Shoals)
 M - a +2 pair of boots (worn)
 N - a +2 pair of gloves of hurling (worn)
   (You found it on level 9 of the Dungeon)
 R - a scarf of invisibility (worn)
   (You found it on level 2 of the Elven Halls)
 U - the scarf "Hocum" {shadows, rF+ Str+3}
   (You found it on level 4 of the Spider Nest)

   Str+3:     It affects your strength (+3).
   rF+:       It protects you from fire.
Gizmo
 y - a dynamic compensator (installed) {Gadgeteer, rC+ Slay+3}
   (You invented it yourself on level 4 of the Lair of Beasts)

   [dynamic compensator]

   Gadgeteer: Your evocable items recharge 30% faster and wands have a 30%
   chance to not spend a charge.
   Slay+3:    It affects your accuracy & damage with ranged weapons and melee
   (+3).
   rC+:       It protects you from cold.
Wands
 f - a wand of mindburst (24)
 m - a wand of flame (87) (quivered)
 B - a wand of polymorph (32)
 D - a wand of light (30)
 E - a wand of warping (47)
 K - a wand of paralysis (36)
 Y - a wand of digging (19)
Scrolls
 d - 5 scrolls of immolation
 e - a scroll of brand weapon
 j - 2 scrolls of fog
 o - 8 scrolls of poison
 t - 10 scrolls of fear
 w - 11 scrolls of vulnerability
 L - 26 scrolls of teleportation
 P - 2 scrolls of silence
 Q - a scroll of blinking
Potions
 c - 5 potions of enlightenment
 h - 5 potions of magic
 k - 5 potions of resistance
 l - 19 potions of curing
 q - a potion of haste
 r - 8 potions of ambrosia
 s - 8 potions of lignification
 x - 7 potions of attraction
 z - a potion of mutation
 A - 2 potions of berserk rage
 C - 5 potions of might
 I - 4 potions of heal wounds
 J - 3 potions of invisibility
 O - 6 potions of cancellation
Miscellaneous
 g - a Gell's gravitambourine (1/2)
 n - a sack of spiders
 F - a lightning rod (4/4)


   Skills:
 + Level 21.6 Fighting
 - Level 13.7(14.0) Short Blades
 - Level 4.1(10.5) Long Blades
 - Level 7.1 Throwing
 + Level 17.4 Armour
 + Level 21.0 Dodging
 + Level 18.0 Stealth
 + Level 21.9 Evocations


You had 25 spell levels left.
You didn't know any spells.
Your spell library contained the following spells:

 Spells                   Type           Power      Damage    Failure   Level
 Sublimation of Blood     Necr           0%         N/A       38%         2
 Mephitic Cloud           Conj/Alch/Air  0%         N/A       63%         3
 Fulminant Prism          Conj/Alch      0%         3d5       95%         4
 Ignite Poison            Fire/Alch      0%         N/A       95%         4
 Borgnjor's Vile Clutch   Necr/Erth      0%         N/A       100%        5
 Sculpt Simulacrum        Ice/Alch       0%         N/A       100%        6
 Infestation              Necr           0%         N/A       100%        8
 Death's Door             Necr           0%         N/A       100%        9


Dungeon Overview and Level Annotations

Branches:
Dungeon (15/15)            Temple (0/1) D:4            Lair (5/5) D:8
 Shoals (4/4) Lair:2       Spider (4/4) Lair:2        Slime (5/5) Lair:4
    Orc (2/2) D:11            Elf (3/3) Orc:2        Vaults (4/5) D:14
  Crypt (0/3) Vaults:2     Depths (4/4) D:15           Hell (visited)
    Zot (5/5) Depths:4    Ossuary (visited)          WizLab (visited)
    Dis: Hell:1         Geh: Hell:1         Coc: Hell:1         Tar: Hell:1

Altars:
Ashenzari
Gozag
Okawaru
Qazlal
Uskayaw
Xom
Yredelemnul
Zin
The Shining One
Beogh
Jiyva

Shops:
D:1 *[   D:2 =   D:8 *   Orc:2 **(!   Vaults:2 !   Depths:1 *

Portals:
Hell: Depths:1 Depths:2 Depths:3 Depths:4
Abyss: Depths:1 Depths:3
Pandemonium: Depths:1 Depths:2 Depths:3
Ziggurat: Depths:1

Annotations:
D:10 1 transporter, uglyjohn's ghost, journeyman DrCj
Lair:5 2 runed translucent doors, Griffin23's ghost, journeyman MiFi
Elf:2 3 runed translucent doors
Vaults:3 3 runed translucent doors, Mipp's ghost, adept GnHW
Hell Geryon
Zot:2 6 transporters, exclusion: orange crystal statue
Zot:5 1 exclusion


Innate Abilities, Weirdness & Mutations

You can wield a second weapon in your off-hand.
It takes a long time for you to wield or remove held weapons.
Your first few attacks do less damage.
You cannot equip rings or amulets.
You are partially covered in iridescent scales. (AC +2)
Your muscles are strong. (Str +4, Int/Dex -1)
You occasionally lose the ability to drink potions when taking damage.


Message History

You are no longer berserk.
You are exhausted.
You feel yourself slow down.
You start resting.
You are no longer corroded.
Okay, then.
Items here: ))))))))))) [[ ÷÷÷÷÷.
Items here: ))) ÷÷.
You see here a +0 club.
A tormentor comes into view.
You rampage towards the tormentor!
You puncture the tormentor with your +9 quick blade of draining!
You impale the tormentor with your +9 quick blade of draining!!
The tormentor is severely wounded.
You puncture the tormentor with your +9 antimagic quick blade!
The tormentor's magic leaks into the air.
You hit the tormentor with your +9 antimagic quick blade.
You kill the tormentor!
Trog accepts your kill.
You feel yourself speed up.
You see here a hound skeleton.
You see here a +0 robe.
Things that are here:
a +0 dagger; a +0 leather armour; an orc skeleton
There is a stone staircase leading up here.
You climb upwards.
There is a stone staircase leading down here.
You recover from your berserk rage.
There is a stone staircase leading up here.
You climb upwards.
There is a stone staircase leading down here.
There is a stone staircase leading up here.
You climb upwards.
There is a stone staircase leading down here.
You open the door.
There is an open door here.
You see here 6 stones.
There is an open door here.
There is a staircase leading out of the dungeon here.
You have escaped!

....'....'.....................>.
....#....#####.########.#.####...
....#....# #.............# #...
....#....# #..########.######...
....#....# #..# #.....('...
....#....# #..##########.####...
....###### ####P#P♣....'.# #...
##### ♣.#P♣..~~~#.# ####
#♣@....ß~##.# ♣.#P♣..~~~#.#
##P#P♣....+.# ############


There were no monsters in sight!

Vanquished Creatures
  A pandemonium lord (D:4)
  4 orbs of fire
  Vv (Zot:2)
  Boris (Vaults:3)
  5 Killer Klowns (Zot:5)
  A shard shrike (Slime:5)
  2 caustic shrikes (Depths:3)
  A curse toe (Zot:5)
  6 golden dragons
  4 bone dragons
  A Brimstone Fiend (D:11)
  3 electric golems
  Jorgrun (Elf:2)
  2 Hell Sentinels
  Mlioglotl (Spider:1)
  23 Orb Guardians
  10 tentacled monstrosities
  4 liches
  3 deep elf master archers (Elf:3)
  4 deep elf blademasters (Elf:3)
  15 acid blobs
  4 quicksilver dragons
  3 sphinxes
  Polyphemus (Shoals:2)
  An Executioner (D:11)
  2 ancient champions (Depths:2)
  9 death cobs
  Donald (Spider:1)
  3 shadow dragons
  5 tengu reavers
  Agnes (Spider:1)
  6 storm dragons
  A protean progenitor (Zot:5)
  A draconian monk (Depths:4)
  Gastronok (Lair:2)
  Ilsuiw (Shoals:2)
  9 rockslimes
  7 fire giants
  5 azure jellies
  5 emperor scorpions
  9 frost giants
  3 iron dragons
  4 vault wardens
  4 spectral caustic shrikes (Depths:3)
  A deep elf sorcerer (Elf:3)
  4 ghost moths
  5 draconian scorchers
  5 deep elf elementalists
  2 spriggan defenders
  A reaper (D:15)
  2 cacodemons
  5 draconian stormcallers
  3 ironbound thunderhulks
  3 draconian annihilators
  15 ironbound preservers
  13 quicksilver oozes
  2 orc warlords
  9 stone giants
  A broodmother (Spider:4)
  15 very ugly things
  2 deep elf demonologists (Elf:3)
  5 formless jellyfish
  6 green draconians
  A vampire knight (Depths:2)
  Nessos (D:12)
  4 black draconians (Zot:1)
  4 red draconians
  6 deep elf annihilators
  4 yellow draconians
  15 dire elephants
  6 deep elf death magi
  Azrael (D:12)
  9 spark wasps
  10 purple draconians
  3 white draconians
  3 war gargoyles
  2 statues (WizLab)
  Snorg (D:11)
  10 ettins
  6 fire dragons
  5 entropy weavers
  A green death (Depths:3)
  Josephine (D:11)
  11 merfolk impalers
  3 merfolk javelineers (Shoals:4)
  11 yaktaur captains
  2 deep elf high priests (Elf:3)
  7 great orbs of eyes
  Harold (D:10)
  3 rakshasas
  6 ice dragons
  5 ogre magi
  3 jorogumos
  A peacekeeper (Vaults:1)
  2 merfolk avatars
  A hell beast (Depths:1)
  19 vault guards
  8 spriggan air magi
  A salamander tyrant (Depths:1)
  2 death knights
  6 hydras
  Erica (Lair:2)
  11 centaur warriors
  9 boulder beetles
  5 radroaches
  4 catoblepae
  6 ironbound frosthearts
  14 dancing weapons
  3 ghost crabs (Vaults:3)
  6 satyrs
  7 merfolk aquamancers
  8 deep troll earth magi
  11 two-headed ogres
  6 tengu warriors
  3 vampire magi
  13 deep troll shamans
  13 demonic crawlers
  25 death yaks
  An occultist (Depths:1)
  6 orc high priests
  4 spriggan berserkers
  Sonja (Lair:1)
  8 deep elf knights
  11 hell knights
  A soul eater (D:4)
  A titan skeleton (Vaults:3)
  2 sixfirhies
  2 fire crabs
  15 sea snakes
  45 deep trolls
  11 iron trolls
  9 pharaoh ants
  4 death drakes
  A skeletal warrior (D:15)
  9 orb spiders
  7 deep elf archers
  A deep troll (shapeshifter) (D:15)
  4 arcanists
  4 flayed ghosts
  6 skysharks
  2 mana vipers (Vaults:3)
  An orb spider (shapeshifter) (Depths:3)
  4 glowing orange brains
  5 ironbound convokers
  5 orc knights
  17 harpies
  6 lindwurms
  A sun moth (Spider:3)
  5 large abominations
  6 steelbarb worms
  4 spectral wolf spiders (Spider:1)
  2 obsidian bats (Orc:2)
  22 deep elf zephyrmancers
  A spriggan simulacrum (Vaults:3)
  3 wolf spider zombies (Spider:1)
  6 necromancers
  An orc sorcerer (Orc:1)
  A sphinx simulacrum (Vaults:3)
  A faun (shapeshifter) (Depths:3)
  22 deep elf pyromancers
  8 fauns
  An iron dragon skeleton (Vaults:3)
  4 shining eyes (Slime:5)
  22 ugly things
  22 wolf spiders
  15 moths of wrath
  12 manticores
  7 cyclopes
  8 elephants
  A meliai (shapeshifter) (D:13)
  12 merfolk sirens
  2 guardian serpents (Depths:2)
  6 meliai (Spider:3)
  3 eyes of devastation (Slime:5)
  3 black mambas
  A black mamba (shapeshifter) (D:15)
  A frost giant skeleton (Depths:2)
  5 kobold blastminers
  10 water nymphs
  15 vault sentinels
  6 torpor snails
  2 gargoyles
  Maggie (D:8)
  2 orange demons
  19 cane toads
  An efreet (D:13)
  4 kobold demonologists
  Jeremiah (Lair:1)
  10 komodo dragons
  2 tormentors
  An unseen horror (D:12)
  5 freezing wraiths
  30 yaktaurs
  11 tengu conjurers
  4 trolls
  5 hornets
  A troll (shapeshifter) (D:14)
  6 polar bears
  11 wind drakes
  A queen bee (shapeshifter) (Elf:3)
  3 wolf spider simulacra (Spider:1)
  25 merfolk
  27 jumping spiders
  25 tarantellas
  A raiju (Spider:3)
  8 glass eyes
  A tengu simulacrum (Vaults:3)
  A raiju (shapeshifter) (D:13)
  Grinder (D:5)
  A spriggan zombie (Depths:2)
  19 blink frogs
  5 dream sheep
  3 snapping turtles
  66 slime creatures
  5 spriggans
  A centaur simulacrum (D:14)
  9 air elementals
  20 culicivoras
  4 wyverns
  A ynoxinul (D:7)
  5 fire elementals
  9 wraiths
  The ghost of Stellion the Trooper, an amateur MDFi of Qazlal (D:4)
  2 fire bats (Shoals:1)
  29 water elementals
  85 yaks
  7 wargs
  4 basilisks
  4 steam dragons
  5 golden eyes (Slime:5)
  A basilisk (shapeshifter) (D:14)
  A swamp worm (shapeshifter) (Depths:4)
  52 redbacks
  10 vampire mosquitoes
  A chaos spawn (D:13)
  Menkaure (D:6)
  20 water moccasins
  An acid dragon (D:11)
  2 hell hounds (D:12)
  A glowing shapeshifter skeleton (Vaults:3)
  2 ice beasts
  34 orc warriors
  7 black bears
  A laughing skull (Vaults:2)
  A sky beast (D:8)
  14 ogres
  12 wolves
  5 small abominations (D:13)
  14 centaurs
  2 phantoms (D:4)
  7 kobold brigands
  13 bullfrogs
  An earth elemental (Elf:3)
  4 gnoll sergeants
  A scorpion (Lair:2)
  13 wights
  4 howler monkeys
  An electric eel (Spider:4)
  2 bombardier beetles
  A quasit (D:7)
  A jelly (D:8)
  4 hounds
  A gnoll bouda (D:6)
  28 orc priests
  4 sleepcaps
  4 iguanas
  15 orc wizards
  6 hell rats (Lair:5)
  9 mummies
  Robin (D:4)
  27 gnolls
  12 adders
  A shadow imp (D:7)
  8 white imps
  An ufetubus (D:7)
  2 dart slugs (D:1)
  A ribbon worm (D:5)
  97 orcs
  4 endoplasms
  3 giant cockroaches
  2 gnoll zombies (Ossuary)
  45 goblins
  31 hobgoblins
  3 jackals (D:2)
  31 kobolds
  3 quokkas
  4 ball pythons
  2 bats
  5 frilled lizards
  A hobgoblin zombie (Ossuary)
  2 kobold zombies (Ossuary)
  3 orc zombies (Ossuary)
  5 rats
  2 aspiring fleshes (Zot:5)
2131 creatures vanquished.

Vanquished Creatures (collateral kills)
  3 pandemonium lords (Zot:3)
  Boris (Vaults:2)
  Jory (Vaults:2)
  A hellephant (Zot:5)
  A tentacled monstrosity (Zot:3)
  A quicksilver dragon (Zot:3)
  2 acid blobs (Slime:2)
  An Executioner (Zot:3)
  A storm dragon (Shoals:4)
  A protean progenitor (Zot:5)
  4 purple draconians
  2 merfolk aquamancers (Shoals:4)
  A boulder beetle (Vaults:2)
  A vampire mage (Depths:3)
  2 soul eaters (Zot:3)
  A sun demon (Zot:3)
  An iron troll (Depths:1)
  A death drake (Zot:5)
  2 deep trolls (Vaults:4)
  An orb spider (Spider:4)
  3 large abominations (Zot:3)
  A wolf spider (Spider:4)
  A necromancer (Depths:3)
  2 fauns (Shoals:4)
  A merfolk siren (Shoals:4)
  A hellion (Zot:3)
  5 tengu conjurers (WizLab)
  2 merfolk (Shoals:4)
  A snapping turtle (Shoals:4)
  A glass eye (Depths:3)
  6 slime creatures (Slime:2)
  A yak (D:8)
  A redback (Spider:4)
  A small abomination (Zot:3)
  A water moccasin (D:8)
  A scorpion (D:8)
  An ufetubus (Zot:3)
59 creatures vanquished.

Vanquished Creatures (others)
  A rakshasa (Depths:1)
  An arcanist (Vaults:3)
  A wolf spider (Spider:1)
  A tengu skeleton (Depths:2)
  A tarantella (Vaults:3)
  2 air elementals
7 creatures vanquished.

Grand Total: 2197 creatures vanquished

Notes
Turn   | Place    | Note
-------+----------+-------------------------------------------
     0 | D:1      | RBrandon the Coglin Berserker began the quest for the Orb.
     0 | D:1      | Reached XP level 1. HP: 18/18 MP: 1/1
   118 | D:1      | Noticed a shining eye
   121 | D:1      | Found a faded altar of an unknown god.
   122 | D:1      | Noticed a glass eye
   122 | D:1      | Noticed a glass eye
   122 | D:1      | Noticed a glass eye
   129 | D:1      | Reached XP level 2. HP: 24/24 MP: 2/2
   150 | D:1      | Found Vitaus's General Store.
   363 | D:1      | Found Fefrikk's Armour Shoppe.
   534 | D:1      | Reached XP level 3. HP: 28/29 MP: 3/3
   816 | D:2      | Found a basalt altar of Yredelemnul.
  1024 | D:2      | Found Ixeomauh's Jewellery Shop.
  1030 | D:2      | Reached ** piety under Trog
  1334 | D:2      | Reached XP level 4. HP: 35/35 MP: 4/4
  2063 | D:3      | Reached skill level 1 in Short Blades
  2064 | D:3      | Reached XP level 5. HP: 42/42 MP: 5/5
  2428 | D:3      | Reached *** piety under Trog
  2450 | D:3      | Reached XP level 6. HP: 46/48 MP: 6/6
  3110 | D:4      | Found a staircase to the Ecumenical Temple.
  3191 | D:4      | Found a runed translucent door.
  3215 | D:4      | Reached XP level 7. HP: 53/55 MP: 7/7
  3376 | D:4      | Identified the +1 robe of the Pleiades {rPois Will- rCorr
                  | SInv}
  3440 | D:4      | Noticed Robin
  3454 | D:4      | Killed Robin
  4087 | D:4      | Noticed Stellion's ghost (amateur MDFi)
  4102 | D:4      | Killed Stellion's ghost
  4103 | D:4      | Reached skill level 5 in Fighting
  4141 | D:5      | Entered Level 5 of the Dungeon
  4232 | D:5      | Reached XP level 8. HP: 62/62 MP: 8/8
  4339 | D:5      | Reached skill level 5 in Short Blades
  4812 | D:5      | Noticed Grinder
  4818 | D:5      | Killed Grinder
  4819 | D:5      | Reached skill level 5 in Dodging
  5346 | D:6      | Found a sand-covered staircase.
  5356 | D:6      | Reached XP level 9. HP: 69/69 MP: 9/9
  5365 | Ossuary  | Entered an ossuary
  5421 | Ossuary  | Reached **** piety under Trog
  5810 | D:6      | Noticed Menkaure
  5816 | D:6      | Killed Menkaure
  7251 | D:7      | Reached XP level 10. HP: 72/79 MP: 10/10
  7588 | D:8      | Found Qistyije's Gadget Gallery.
  7605 | D:8      | Found a staircase to the Lair.
  7743 | D:8      | Found an iron altar of Okawaru.
  8361 | D:8      | Reached XP level 11. HP: 89/89 MP: 11/11
  8950 | D:8      | Noticed Maggie
  8960 | D:8      | Killed Maggie
  9085 | Lair:1   | Entered Level 1 of the Lair of Beasts
  9297 | Lair:1   | Reached skill level 10 in Fighting
  9353 | Lair:1   | Noticed Jeremiah
  9354 | Lair:1   | Noticed Sonja
 10220 | Lair:1   | Killed Jeremiah
 10372 | Lair:1   | Reached skill level 10 in Dodging
 10678 | Lair:1   | Killed Sonja
 10819 | Lair:2   | Noticed a fire crab
 10820 | Lair:2   | Identified a scroll of acquirement
 10821 | Lair:2   | Acquired a +4 rapier of speed
 10829 | Lair:2   | Reached XP level 12. HP: 100/100 MP: 12/12
 10990 | Lair:2   | Acquired a +4 quick blade of flaming
 11073 | Lair:2   | Noticed a death yak
 11076 | Lair:2   | Noticed a death yak
 11076 | Lair:2   | Noticed a death yak
 11079 | Lair:2   | Noticed a death yak
 11081 | Lair:2   | Noticed a death yak
 11082 | Lair:2   | Noticed a death yak
 11086 | Lair:2   | Killed a death yak
 11087 | Lair:2   | Reached skill level 10 in Short Blades
 11089 | Lair:2   | Killed a death yak
 11092 | Lair:2   | Killed a death yak
 11095 | Lair:2   | Killed a death yak
 11099 | Lair:2   | Killed a death yak
 11102 | Lair:2   | Killed a death yak
 11140 | Lair:2   | Noticed a death yak
 11140 | Lair:2   | Noticed a death yak
 11140 | Lair:2   | Noticed a death yak
 11140 | Lair:2   | Noticed a death yak
 11140 | Lair:2   | Noticed a death yak
 11141 | Lair:2   | Noticed a death yak
 11144 | Lair:2   | Killed a death yak
 11147 | Lair:2   | Killed a death yak
 11152 | Lair:2   | Killed a death yak
 11155 | Lair:2   | Killed a death yak
 11159 | Lair:2   | Killed a death yak
 11162 | Lair:2   | Killed a death yak
 11266 | Lair:2   | Noticed Erica
 11273 | Lair:2   | Killed Erica
 11453 | Lair:2   | Noticed a four-headed hydra
 11464 | Lair:2   | Killed a four-headed hydra
 11465 | Lair:2   | Reached XP level 13. HP: 89/107 MP: 13/13
 11635 | Lair:2   | Found a staircase to the Shoals.
 11677 | Lair:2   | Found a hole to the Spider Nest.
 11892 | Lair:2   | Noticed Gastronok
 11912 | Lair:2   | Killed Gastronok
 12741 | Lair:3   | Reached ***** piety under Trog
 13893 | Lair:4   | Found a viscous altar of Jiyva.
 13894 | Lair:4   | Found a staircase to the Slime Pits.
 13953 | Lair:4   | Reached XP level 14. HP: 76/118 MP: 14/14
 13953 | Lair:4   | Acquired a dynamic compensator {Gadgeteer, rC+ Slay+3}
 14680 | Lair:5   | Entered Level 5 of the Lair of Beasts
 14702 | Lair:5   | Received a gift from Trog
 14870 | Lair:5   | Found a large runed translucent door.
 14870 | Lair:5   | Found a large runed translucent door.
 14870 | Lair:5   | Noticed Griffin23's ghost (journeyman MiFi)
 15205 | Lair:5   | Reached skill level 1 in Evocations
 15469 | Lair:5   | Reached skill level 5 in Evocations
 16277 | D:9      | Reached XP level 15. HP: 127/127 MP: 15/15
 16282 | D:9      | Reached skill level 10 in Evocations
 16509 | D:9      | Found a basalt altar of Yredelemnul.
 16510 | D:9      | Found a shimmering altar of Xom.
 16511 | D:9      | Found a glowing golden altar of the Shining One.
 16900 | D:9      | Found a transporter.
 16902 | D:9      | Identified the +9 quarterstaff of Havoc {antimagic, rC+
                  | Int+4}
 16908 | D:9      | Found a roughly hewn altar of Beogh.
 16908 | D:9      | Found a transporter.
 17154 | D:10     | Entered Level 10 of the Dungeon
 17158 | D:10     | Noticed Harold
 17170 | D:10     | Killed Harold
 17521 | D:10     | Found a transporter.
 17731 | D:10     | Noticed uglyjohn's ghost (journeyman DrCj)
 17920 | D:11     | Received a gift from Trog
 17962 | D:11     | Found a staircase to the Orcish Mines.
 18028 | D:11     | Noticed Josephine
 18043 | D:11     | Killed Josephine
 18261 | D:11     | Noticed Snorg
 18267 | D:11     | Killed Snorg
 18467 | Orc:1    | Entered Level 1 of the Orcish Mines
 18467 | Orc:1    | Found a roughly hewn altar of Beogh.
 19014 | Orc:2    | Entered Level 2 of the Orcish Mines
 19073 | Orc:2    | Found a staircase to the Elven Halls.
 19098 | Orc:2    | Received a gift from Trog
 19373 | Orc:2    | Found Ystu's Antique Weapon Boutique.
 19542 | Orc:2    | Found Roamec's Distillery.
 19587 | Orc:2    | Reached skill level 5 in Armour
 19588 | Orc:2    | Found a roughly hewn altar of Beogh.
 19598 | Orc:2    | Found Ineib's General Store.
 19619 | Orc:2    | Received a gift from Trog
 19650 | Orc:2    | Found Wytobb's General Store.
 20308 | Orc:2    | Bought a wand of warping (2) for 86 gold pieces
 20604 | D:12     | Noticed Azrael
 20620 | D:12     | Killed Azrael
 20622 | D:12     | Reached XP level 16. HP: 134/134 MP: 16/16
 21085 | D:12     | Noticed Nessos
 21099 | D:12     | Killed Nessos
 21764 | D:13     | Reached ****** piety under Trog
 22005 | D:13     | Received a gift from Trog
 22211 | D:13     | Found a runed translucent door.
 22703 | D:13     | Noticed a tentacled monstrosity
 22712 | D:13     | Killed a tentacled monstrosity
 22907 | D:14     | Found a roughly hewn altar of Beogh.
 23108 | D:14     | Found a gate to the Vaults.
 23118 | D:14     | Reached skill level 15 in Evocations
 23387 | D:14     | Received a gift from Trog
 23779 | D:14     | Found a glowing silver altar of Zin.
 23930 | D:15     | Entered Level 15 of the Dungeon
 24000 | D:15     | Reached skill level 15 in Fighting
 24244 | D:15     | Found a staircase to the Depths.
 25218 | Spider:1 | Entered Level 1 of the Spider Nest
 25235 | Spider:1 | Reached XP level 17. HP: 142/142 MP: 17/17
 25239 | Spider:1 | You fall into a shaft and drop 1 floor!
 26002 | Spider:1 | Noticed Agnes
 26007 | Spider:1 | Killed Agnes
 26231 | Spider:2 | Received a gift from Trog
 26257 | Spider:2 | Identified the orb of Verdant Life {*channel, Harm *Corrode
                  | rPois Int-3}
 27068 | Spider:2 | Reached skill level 15 in Dodging
 28776 | Spider:3 | Reached skill level 10 in Armour
 29410 | Spider:4 | Entered Level 4 of the Spider Nest
 29975 | Spider:4 | Received a gift from Trog
 30232 | Spider:4 | Reached XP level 18. HP: 148/149 MP: 18/18
 30390 | Spider:4 | Reached skill level 1 in Stealth
 31265 | Spider:4 | Identified the scarf "Hocum" {shadows, rF+ Str+3}
 31292 | Spider:4 | Got a gossamer rune of Zot
 31748 | Spider:1 | Noticed Donald
 31753 | Spider:1 | Killed Donald
 31753 | Spider:1 | Received a gift from Trog
 31753 | Spider:1 | Noticed Mlioglotl
 31760 | Spider:1 | Killed Mlioglotl
 33451 | Shoals:1 | Entered Level 1 of the Shoals
 33619 | Shoals:1 | Reached skill level 1 in Throwing
 33667 | Shoals:1 | Identified the +8 dire flail of the Bespelling Oracle
                  | {antimagic, rN+++ Str-3 Int+5}
 35092 | Shoals:2 | Reached skill level 5 in Throwing
 35098 | Shoals:2 | Reached XP level 19. HP: 68/159 MP: 19/19
 35450 | Shoals:2 | Received a gift from Trog
 35490 | Shoals:2 | Noticed Polyphemus
 35507 | Shoals:2 | Killed Polyphemus
 35792 | Shoals:2 | Noticed Ilsuiw
 35800 | Shoals:2 | Killed Ilsuiw
 36297 | Shoals:3 | Identified the +6 plate armour "Heryg" {rF+++ Will- Int+4}
 37096 | Shoals:4 | Entered Level 4 of the Shoals
 37096 | Shoals:4 | Found a shimmering altar of Xom.
 37112 | Shoals:4 | Paralysed by an air elemental for 1 turns
 37457 | Shoals:4 | Received a gift from Trog
 37886 | Shoals:4 | Paralysed by an air elemental for 1 turns
 38173 | Shoals:4 | Paralysed by an air elemental for 1 turns
 38219 | Shoals:4 | Identified the +0 falchion of the Pits of Slime {spect,
                  | Str+3}
 38261 | Shoals:4 | Got a barnacled rune of Zot
 38386 | Shoals:4 | Paralysed by an air elemental for 1 turns
 38389 | Shoals:4 | Received a gift from Trog
 38389 | Shoals:4 | Paralysed by an air elemental for 1 turns
 38392 | Shoals:4 | Paralysed by an air elemental for 1 turns
 39756 | Vaults:1 | Entered Level 1 of the Vaults
 40042 | Vaults:1 | Reached XP level 20. HP: 168/168 MP: 6/20
 40127 | Vaults:1 | Found a magical portal.
 40135 | WizLab   | Entered Iskenderun's Mystic Tower
 41880 | Vaults:1 | Received a gift from Trog
 42008 | Vaults:1 | Paralysed by a formless jellyfish for 1 turns
 42018 | Vaults:1 | Paralysed by a formless jellyfish for 1 turns
 42638 | Vaults:2 | Noticed Jory
 42655 | Vaults:2 | Killed Jory
 42841 | Vaults:2 | Identified the +4 robe of the Original Sin {Rampage rF+++
                  | Str-2 Dex-4}
 42841 | Vaults:2 | Noticed Boris
 42850 | Vaults:2 | Killed Boris
 42856 | Vaults:2 | Found a staircase to the Crypt.
 43322 | Vaults:2 | Received a gift from Trog
 43490 | Vaults:2 | Found Sirukh's Distillery.
 43673 | Vaults:2 | Bought a potion of heal wounds for 80 gold pieces
 43673 | Vaults:2 | Bought a potion of heal wounds for 80 gold pieces
 43673 | Vaults:2 | Bought a potion of curing for 48 gold pieces
 43673 | Vaults:2 | Bought a potion of curing for 48 gold pieces
 43673 | Vaults:2 | Bought a potion of heal wounds for 80 gold pieces
 43673 | Vaults:2 | Bought a potion of haste for 160 gold pieces
 43673 | Vaults:2 | Bought a potion of curing for 48 gold pieces
 43994 | Vaults:2 | Reached XP level 21. HP: 148/178 MP: 7/21
 44674 | Vaults:3 | Identified the +4 robe "Fabadoch" {+Inv Will+}
 44674 | Vaults:3 | Noticed Boris
 44688 | Vaults:3 | Killed Boris
 45830 | Vaults:3 | Found a runed translucent gate.
 45830 | Vaults:3 | Found a runed translucent gate.
 45830 | Vaults:3 | Found a runed translucent gate.
 45830 | Vaults:3 | Noticed Mipp's ghost (adept GnHW)
 45945 | Vaults:3 | Received a gift from Trog
 46278 | Vaults:3 | Got the Grimoire of Impurities
 46714 | Vaults:3 | Noticed a bone dragon
 46736 | Vaults:3 | Killed a bone dragon
 46798 | Vaults:3 | Got the Codex of Death
 47644 | Vaults:4 | Identified the +2 pair of boots of the Date {rN++ Dex-5}
 48608 | Slime:1  | Entered Level 1 of the Pits of Slime
 48614 | Slime:1  | Reached skill level 15 in Armour
 48777 | Slime:2  | Received a gift from Trog
 48827 | Slime:2  | Reached XP level 22. HP: 121/188 MP: 7/22
 49904 | Slime:5  | Entered Level 5 of the Pits of Slime
 49948 | Slime:5  | Gained mutation: Your magical capacity is low. (-10% MP) [a
                  | shining eye]
 50038 | Slime:5  | Found a viscous altar of Jiyva.
 50047 | Slime:5  | Noticed the Royal Jelly
 50393 | Slime:5  | Paralysed by a formless jellyfish for 1 turns
 51226 | Slime:5  | the Royal Jelly changed into a shard shrike shaped Royal
                  | Jelly
 51226 | Slime:5  | Noticed a shard shrike shaped Royal Jelly
 51233 | Slime:5  | Killed a shard shrike shaped Royal Jelly
 52079 | Slime:5  | Identified the +2 chain mail of the Dancing Gods {rElec}
 52111 | Slime:5  | Identified the +3 helmet "Orchuoley" {Int+6}
 52129 | Slime:5  | Identified the +0 cloak of Horoaf {rElec rC++ Str-5 Int+3}
 52144 | Slime:5  | Got a slimy rune of Zot
 52463 | Depths:1 | Entered Level 1 of the Depths
 52566 | Depths:1 | Found a one-way gateway to a ziggurat.
 52603 | Depths:1 | Found a gateway to Hell.
 52876 | Depths:1 | Received a gift from Trog
 52942 | Depths:1 | Found a broken altar of Ashenzari.
 53288 | Depths:1 | Found a one-way gate to the infinite horrors of the Abyss.
 53820 | Depths:1 | Found a one-way gate leading to the halls of Pandemonium.
 54030 | Depths:1 | Found the Charlatan's Orb {orb Evoboost}
 54147 | Depths:1 | Found Ript's Island Escapes.
 54260 | Depths:1 | Bought a potion of invisibility for 96 gold pieces
 54260 | Depths:1 | Bought a potion of haste for 120 gold pieces
 54260 | Depths:1 | Bought a wand of digging (6) for 302 gold pieces
 54493 | Elf:1    | Entered Level 1 of the Elven Halls
 54503 | Elf:1    | Paralysed by an air elemental for 1 turns
 54514 | Elf:1    | Received a gift from Trog
 54779 | Elf:1    | You fall into a shaft and drop 1 floor!
 54799 | Elf:2    | Reached XP level 23. HP: 198/198 MP: 6/20
 54941 | Elf:2    | Found a runed translucent gate.
 54942 | Elf:2    | Found a runed translucent gate.
 54942 | Elf:2    | Found a runed translucent gate.
 55195 | Elf:2    | Noticed Jorgrun
 55204 | Elf:2    | Killed Jorgrun
 55204 | Elf:2    | Received a gift from Trog
 55628 | Elf:3    | Entered Level 3 of the Elven Halls
 55750 | Elf:3    | Paralysed by an air elemental for 1 turns
 56129 | Elf:3    | Paralysed by an air elemental for 1 turns
 56793 | Elf:3    | Identified the +3 steam dragon scales "Voitom" {Rampage
                  | Dex+2 Slay+3}
 56793 | Elf:3    | Identified the ring of the Burgomaster {Wiz Will+ rCorr}
 57299 | Elf:3    | Identified the +3 executioner's axe of Eternal Harmony
                  | {holy, rF+ rN++}
 57299 | Elf:3    | Identified the amulet "Rosyimeu" {Spirit +Blink rPois rCorr
                  | Str-3}
 57368 | Elf:3    | Identified the +9 hand axe "Ticyosch" {flame, Int+3}
 57368 | Elf:3    | Identified the +0 steam dragon scales of the Unseen Realm
                  | {+Blink rC- Str+4 SInv}
 57368 | Elf:3    | Identified the ring "Toesik Seje" {Int+3 Slay+4 Stlth+}
 57372 | Elf:3    | Identified the amulet "Ziomeuhi" {Reflect Rampage Dex+4
                  | SH+5}
 57379 | Elf:3    | Identified the +3 rapier of Youthful Indiscretion {flame,
                  | rF+ Dex+2} (Trog gifted it to you on level 3 of the Elven
                  | Halls)
 57379 | Elf:3    | Received a gift from Trog
 57658 | Elf:3    | Identified the +3 rapier "Tug Xynk" {venom, rPois rC++
                  | Str+2 Int-3}
 57658 | Elf:3    | Identified the amulet of Usocroli {Spirit Str+3}
 57683 | Elf:3    | Reached skill level 5 in Stealth
 57926 | Elf:3    | Identified the staff of Grontol {Dex+5 Conj}
 58385 | Elf:1    | Paralysed by an air elemental for 1 turns
 58404 | Elf:1    | Identified the +7 lajatang "Lagoixol" {chaos, rF- Int+5
                  | Dex+5}
 58965 | Depths:2 | Identified the ring "Nuist" {rPois Str+4 SInv}
 58999 | Depths:2 | Received a gift from Trog
 59142 | Depths:2 | Found a transporter.
 59631 | Depths:2 | Found a hide-covered altar of Uskayaw.
 59713 | Depths:2 | Reached skill level 10 in Stealth
 59741 | Depths:2 | Received a gift from Trog
 59777 | Depths:2 | Reached XP level 24. HP: 206/206 MP: 6/20
 59907 | Depths:2 | Identified the ring "Xixeal" {rF+ rC+ rN+ rCorr Int+4}
 60257 | Depths:2 | Found a transporter.
 60265 | Depths:2 | Identified the ring "Emaaf" {rF+++ rC+ Will- rCorr AC+4}
 60539 | Depths:3 | Noticed a caustic shrike
 60834 | Depths:3 | Killed a caustic shrike
 60985 | Depths:3 | Received a gift from Trog
 60997 | Depths:3 | Noticed a caustic shrike
 61006 | Depths:3 | Killed a caustic shrike
 61108 | Hell     | Entered the Vestibule of Hell
 61108 | Hell     | Noticed Geryon
 62197 | Depths:4 | Entered Level 4 of the Depths
 62407 | Depths:4 | Received a gift from Trog
 63080 | Depths:4 | Found a gate to the Realm of Zot.
 63298 | Depths:4 | Reached skill level 15 in Stealth
 63789 | Depths:4 | Found a stormy altar of Qazlal.
 63894 | Zot:1    | Entered Level 1 of the Realm of Zot
 63949 | Zot:1    | Reached XP level 25. HP: 183/191 MP: 6/20
 64844 | Zot:1    | Received a gift from Trog
 65709 | Zot:2    | Found a transporter.
 65956 | Zot:2    | Found a transporter.
 66011 | Zot:2    | Found an opulent altar of Gozag.
 66042 | Zot:2    | Found an opulent altar of Gozag.
 66046 | Zot:2    | Found an opulent altar of Gozag.
 66084 | Zot:2    | Found a transporter.
 66086 | Zot:2    | Found a transporter.
 66088 | Zot:2    | Found a transporter.
 66088 | Zot:2    | Found a transporter.
 66089 | Zot:2    | Noticed an orb of fire
 66140 | Zot:2    | Killed an orb of fire
 66384 | Zot:2    | Lost mutation: Your magical capacity is low. (-10% MP)
                  | [potion of mutation]
 66384 | Zot:2    | Gained mutation: You have hidden genetic defects. [potion
                  | of mutation]
 66384 | Zot:2    | Gained mutation: You possess an exceptional clarity of
                  | mind. [potion of mutation]
 66384 | Zot:2    | Gained mutation: You are weak. (Str -2) [potion of
                  | mutation]
 66384 | Zot:2    | Gained mutation: You have an increased reservoir of magic.
                  | (+10% MP) [potion of mutation]
 66385 | Zot:2    | Lost mutation: You are weak. (Str -2) [potion of mutation]
 66385 | Zot:2    | Lost mutation: You have hidden genetic defects. [potion of
                  | mutation]
 66385 | Zot:2    | Gained mutation: Your spells are a little harder to cast,
                  | but a little more powerful. [potion of mutation]
 66385 | Zot:2    | Gained mutation: You have a considerably increased
                  | reservoir of magic. (+20% MP) [potion of mutation]
 66386 | Zot:2    | Lost mutation: Your spells are a little harder to cast, but
                  | a little more powerful. [potion of mutation]
 66386 | Zot:2    | Lost mutation: You have a considerably increased reservoir
                  | of magic. (+20% MP) [potion of mutation]
 66386 | Zot:2    | Lost mutation: You have an increased reservoir of magic.
                  | (+10% MP) [potion of mutation]
 66386 | Zot:2    | Gained mutation: Your system is resistant to poisons.
                  | (rPois) [potion of mutation]
 66386 | Zot:2    | Gained mutation: You occasionally lose the ability to drink
                  | potions when taking damage. [potion of mutation]
 66386 | Zot:2    | Gained mutation: Your spells are a little harder to cast,
                  | but a little more powerful. [potion of mutation]
 66386 | Zot:2    | Gained mutation: You are partially covered in iridescent
                  | scales. (AC +2) [potion of mutation]
 66387 | Zot:2    | Lost mutation: You possess an exceptional clarity of mind.
                  | [potion of mutation]
 66387 | Zot:2    | Lost mutation: You occasionally lose the ability to drink
                  | potions when taking damage. [potion of mutation]
 66387 | Zot:2    | Lost mutation: You are partially covered in iridescent
                  | scales. (AC +2) [potion of mutation]
 66387 | Zot:2    | Gained mutation: You are clumsy. (Dex -2) [potion of
                  | mutation]
 66388 | Zot:2    | Lost mutation: Your spells are a little harder to cast, but
                  | a little more powerful. [potion of mutation]
 66388 | Zot:2    | Lost mutation: You are clumsy. (Dex -2) [potion of
                  | mutation]
 66388 | Zot:2    | Gained mutation: Your spells are a little harder to cast,
                  | but a little more powerful. [potion of mutation]
 66388 | Zot:2    | Gained mutation: You sometimes lose your temper in combat.
                  | [potion of mutation]
 66388 | Zot:2    | Gained mutation: You occasionally shout uncontrollably at
                  | your foes. [potion of mutation]
 66388 | Zot:2    | Gained mutation: You are robust. (+10% HP) [potion of
                  | mutation]
 66389 | Zot:2    | Lost mutation: You occasionally shout uncontrollably at
                  | your foes. [potion of mutation]
 66389 | Zot:2    | Lost mutation: You sometimes lose your temper in combat.
                  | [potion of mutation]
 66389 | Zot:2    | Lost mutation: Your system is resistant to poisons. (rPois)
                  | [potion of mutation]
 66389 | Zot:2    | Gained mutation: Your muscles are strong. (Str +4, Int/Dex
                  | -1) [potion of mutation]
 66390 | Zot:2    | Lost mutation: Your spells are a little harder to cast, but
                  | a little more powerful. [potion of mutation]
 66390 | Zot:2    | Lost mutation: You are robust. (+10% HP) [potion of
                  | mutation]
 66390 | Zot:2    | Gained mutation: You have an increased reservoir of magic.
                  | (+10% MP) [potion of mutation]
 66390 | Zot:2    | Gained mutation: You possess an exceptional clarity of
                  | mind. [potion of mutation]
 66390 | Zot:2    | Gained mutation: You have very sharp teeth. [potion of
                  | mutation]
 66391 | Zot:2    | Lost mutation: You have an increased reservoir of magic.
                  | (+10% MP) [potion of mutation]
 66391 | Zot:2    | Lost mutation: You have very sharp teeth. [potion of
                  | mutation]
 66391 | Zot:2    | Gained mutation: You expend magic power (3 MP) to
                  | strengthen your wands. [potion of mutation]
 66391 | Zot:2    | Gained mutation: You are agile. (Dex +4, Str/Int -1)
                  | [potion of mutation]
 66391 | Zot:2    | Gained mutation: You occasionally shout uncontrollably at
                  | your foes. [potion of mutation]
 66866 | Zot:2    | Noticed Vv
 66876 | Zot:2    | Killed Vv
 67247 | Zot:5    | Entered Level 5 of the Realm of Zot
 67646 | Zot:5    | Noticed an orb of fire
 67647 | Zot:5    | Gained mutation: Your body sometimes deteriorates upon
                  | taking damage. [an orb of fire]
 67658 | Zot:5    | Killed an orb of fire
 67721 | Zot:5    | Received a gift from Trog
 68658 | Zot:5    | Noticed a Killer Klown
 68658 | Zot:5    | Noticed an orb of fire
 68658 | Zot:5    | Noticed a Killer Klown
 68668 | Zot:5    | Noticed a Killer Klown
 68673 | Zot:5    | Killed an orb of fire
 68676 | Zot:5    | Noticed a Killer Klown
 68677 | Zot:5    | Killed a Killer Klown
 68685 | Zot:5    | Killed a Killer Klown
 68688 | Zot:5    | Killed a Killer Klown
 68699 | Zot:5    | Killed a Killer Klown
 68708 | Zot:5    | Noticed a Killer Klown
 68709 | Zot:5    | Noticed an orb of fire
 68729 | Zot:5    | Killed an orb of fire
 68734 | Zot:5    | Killed a Killer Klown
 68776 | Zot:5    | Reached XP level 26. HP: 176/222 MP: 7/23
 68902 | Zot:5    | Gained mutation: You do not regenerate when monsters are
                  | visible. [mutagenic glow]
 68925 | Zot:5    | Gained mutation: You are dopey. (Int -2) [mutagenic glow]
 68981 | Zot:5    | Lost mutation: Your muscles are strong. (Str +4, Int/Dex
                  | -1) [potion of mutation]
 68981 | Zot:5    | Lost mutation: You expend magic power (3 MP) to strengthen
                  | your wands. [potion of mutation]
 68981 | Zot:5    | Lost mutation: You occasionally shout uncontrollably at
                  | your foes. [potion of mutation]
 68981 | Zot:5    | Gained mutation: You are somewhat resistant to further
                  | mutation. [potion of mutation]
 68982 | Zot:5    | Lost mutation: You are dopey. (Int -2) [potion of mutation]
 68982 | Zot:5    | Lost mutation: You are somewhat resistant to further
                  | mutation. [potion of mutation]
 68982 | Zot:5    | Lost mutation: Your body sometimes deteriorates upon taking
                  | damage. [potion of mutation]
 68983 | Zot:5    | Lost mutation: You are agile. (Dex +4, Str/Int -1) [potion
                  | of mutation]
 68983 | Zot:5    | Lost mutation: You do not regenerate when monsters are
                  | visible. [potion of mutation]
 68983 | Zot:5    | Lost mutation: You possess an exceptional clarity of mind.
                  | [potion of mutation]
 68983 | Zot:5    | Gained mutation: You occasionally lose the ability to drink
                  | potions when taking damage. [potion of mutation]
 68983 | Zot:5    | Gained mutation: Your muscles are strong. (Str +4, Int/Dex
                  | -1) [potion of mutation]
 68983 | Zot:5    | Gained mutation: You are partially covered in iridescent
                  | scales. (AC +2) [potion of mutation]
 69377 | Zot:5    | Got the Orb of Zot
 69465 | Zot:4    | Noticed Suruiw the pandemonium lord
 69492 | Zot:3    | Noticed Istirphu the pandemonium lord
 69498 | Zot:3    | Noticed Lekk the pandemonium lord
 69513 | Zot:3    | Killed Lekk the pandemonium lord
 69518 | Zot:3    | Killed Istirphu the pandemonium lord
 69520 | Zot:3    | Noticed Hoxawky the pandemonium lord
 69528 | Zot:3    | Killed Hoxawky the pandemonium lord
 69546 | Zot:3    | Noticed Ysysmuew the pandemonium lord
 69987 | D:4      | Noticed Qiumis the pandemonium lord
 70010 | D:4      | Killed Qiumis the pandemonium lord
 70086 | D:$      | Escaped with the Orb!

Illustrated notes

Levels and vault maps discovered:
D:1:      tarquinn_simple_flora_water_d, layout_basic,
          hellmonk_ecumenical_altar_watching_god, serial_shops, shop,
          nicolae_shop_crystal
D:2:      layout_basic, serial_shops, shop, basic_altar
D:3:      minmay_goblin_kobold_castle, layout_loops_ring
D:4:      layout_basic, minmay_temple_entry_hall, ebering_ghost_reflecting_pool,
          minmay_box_of_dots, uniq_robin
D:5:      layout_gridville, minmay_quadrilaterals, uniq_grinder
D:6:      layout_loops_corners, gup_ossuary_entry_pyramid, uniq_menkaure
D:7:      layout_basic, serial_demonic, serial_demonic_a, serial_demonic_c,
          serial_demonic_f, serial_demonic_a, serial_demonic_d, serial_demonic_c
D:8:      minmay_razor_zed, layout_gridville, okawaru_ov_weapons_minmay,
          due_lair_maze_entry_diamond, nicolae_shop_gadgets, uniq_maggie
D:9:      gammafunk_beogh_shrine, layout_loops_ring,
          chequers_temple_overflow_statue_of_worship
D:10:     layout_gridville, gammafunk_ghost_smash, minmay_misc_feat_pillars,
          uniq_harold
D:11:     layout_cave_pools, orc_david_3, uniq_josephine, uniq_snorg
D:12:     layout_stronghold, uniq_nessos, uniq_azrael
D:13:     cheibrodos_body_horror, layout_rooms
D:14:     layout_roguey [special_room_orc], erik_vaults_2, zin_angel,
          minivault_24
D:15:     hangedman_depths_entry_civil_slaughter, layout_irregular_city,
          nicolae_concentric_dashed_squares_wild
Lair:1:   layout_big_grid, grunt_megastairs_3, infiniplex_staircase_pool,
          uniq_jeremiah, uniq_sonja
Lair:2:   layout_hall_layers, elwin_shoals_entry_rooms,
          nicolae_spider_entry_lesser_pyramids, minmay_shattered_shrine,
          uniq_gastronok, uniq_erica
Lair:3:   nzn_winding_woodlands_three_and_one
          [nzn_winding_woodlands_5x15_longhouse,
          nzn_winding_woodlands_5x15_river_crossing,
          nzn_winding_woodlands_5x15_zeroes,
          nzn_winding_woodlands_center_garden], layout_cave_pods,
          chequers_serial_rivers_large_b, lemuel_old_faithful
Lair:4:   layout_regular_city, slime_entry_1, serial_bayou_pond_e
Lair:5:   evilmike_catoblepas_cave, layout_cave_shapes,
          ebering_ghost_disaster_area
Shoals:1: layout_shoals, hangedman_shoal_volcano
Shoals:2: layout_shoals, uniq_polyphemus, uniq_ilsuiw
Shoals:3: layout_shoals
Shoals:4: shoals_end_hellmonk_storm_palace [storm_palace_center_square,
          storm_palace_corner_altar, storm_palace_corner_grid,
          storm_palace_corner_pillars, storm_palace_corner_narrow]
Spider:1: layout_spider_delve, nicolae_spider_undead_wolf_pack, uniq_agnes,
          uniq_donald, uniq_mlioglotl
Spider:2: layout_chambers, drop_trap, nicolae_spider_nooks_and_crannies
Spider:3: layout_spider_delve, beargit_elvish_explorers
Spider:4: guppyfry_spider_rune
Slime:1:  layout_caves
Slime:2:  layout_caves
Slime:3:  layout_caves
Slime:4:  layout_caves, nicolae_slime_barrier, nicolae_slime_getting_an_eyeful
Slime:5:  slime_pit_nicolae_block_by_block
Orc:1:    layout_caves, basic_altar
Orc:2:    st_orc_town, layout_diamond_mine
Elf:1:    elf_arrival_002, layout_gridlike, nicolae_elf_blasts_and_bolts
Elf:2:    nicolae_elf_blades_crystal_corner, layout_gridlike,
          lemuel_flamethrower_hall, uniq_jorgrun
Elf:3:    minmay_elf_hall, layout_geoelf_diagonals, hangedman_glass_teeth,
          hangedman_elf_targeted_burst
Vaults:1: mu_enter_wizlab_3, v_misc_4, nicolae_vaults_more_shelving_2,
          grunt_vaults_diagonal, ontoclasm_vaults_ring_large,
          ontoclasm_vaults_pinch, ontoclasm_vaults_gateway,
          nicolae_vaults_storage_closets_2, nicolae_vaults_more_shelving_1,
          layout_vaults_chaotic_city
Vaults:2: v_misc_1, nicolae_vaults_wrenched, minmay_crypt_entry_simple_round,
          ontoclasm_vaults_tryst, nicolae_vaults_little_squares_3, v_misc_27,
          nicolae_vaults_mini_display_case, vaults_mumra_minichess, v_misc_18,
          ontoclasm_vaults_claustrophobia, nicolae_vaults_holding_cells,
          nicolae_vaults_shelves_hall, layout_vaults_big_cross, serial_shops,
          nicolae_shop_industrial_runoff, uniq_boris, uniq_jory
Vaults:3: gammafunk_ghost_ooze, vaults_dpeg_ring, grunt_vaults_swirl,
          vaults_room_hallway, nicolae_vaults_shrinking_rooms_1,
          ontoclasm_vaults_ring_square, nicolae_vaults_turnstiles,
          vaults_room_boxed, hangedman_vaults_trim, ontoclasm_vaults_spin,
          nicolae_vaults_tetromino_Z_2, nicolae_vaults_storage_room_doors,
          serial_library_hellmonk_semicircle, nicolae_vaults_double_plus_1,
          layout_vaults_ring, serial_magic_research,
          hangedman_research_toxicology, hangedman_research_thanatology
Vaults:4: vaults_room_fancy_cross, v_rooms_5, nicolae_vaults_little_squares_1,
          ontoclasm_vaults_misaligned, vaults_room_hallway,
          layout_vaults_omnigrid
Depths:1: layout_twisted_cross, enter_ziggurat_e, abyss_entry,
          evilmike_ruin_ashenzari, grunt_mini_vestibule, rand_demon_pan_entry_1,
          nicolae_island_escapes, firewood_loft
Depths:2: hangedman_spin_cycle, pan_entry, hell_entry
Depths:3: evilmike_cross, layout_gridlike, pf_hell_entry_tar_river,
          nicolae_figureground_sparkle, pan_entry,
          regret_index_abyss_entry_already_here, lemuel_flames_and_gold,
          infiniplex_staircase_pool_2, serial_bayou_shore_b
Depths:4: evilmike_zot_entry_diamond, layout_gridlike, hell_entry,
          nicolae_qazlal_scattered_showers, grunt_megastairs_2
Hell
Zot:1:    kennysheep_blocky_room, layout_gridlike
Zot:2:    gammafunk_sealed_arena, layout_cathedral_of_symmetry,
          regret_index_zotdec_silver_v_v_loose, st_stairs_11,
          regret_index_zotdec_plus, nicolae_diode_quadrants, uniq_vv
Zot:3:    layout_misc_corridors, regret_index_zotdec_under_construction,
          nicolae_diode_basic
Zot:4:    layout_basic, regret_index_zotdec_twisting_globes, uniq_grunn
Zot:5:    layout_basic, grunt_ministairs_13, lemuel_baited_zot_trap

Skill      XL: |  1  2  3  4  5  6  7  8  9 10 11 12 13 14 15 16 17 18 19 20 21 22 23 24 25 26 |
---------------+-------------------------------------------------------------------------------+-----
Dodging        | 2 3 4 5 6 8 10 12 13 14 15 16 17 18 19 20 21 | 21.0
Long Blades    | 4 |  4.1
Short Blades   | 1 2 3 4 6 8 9 13 | 13.7
Fighting       | 4 5 6 7 9 11 13 14 15 16 17 18 19 20 21 | 21.6
Evocations     | 9 14 15 16 17 18 19 20 21 | 21.9
Armour         | 6 9 10 11 12 13 15 16 17 | 17.4
Stealth        | 3 10 15 17 18 | 18.0
Throwing       | 5 7 |  7.1

Action                     |  1- 3 |  4- 6 |  7- 9 | 10-12 | 13-15 | 16-18 | 19-21 | 22-24 | 25-27 || total
---------------------------+-------+-------+-------+-------+-------+-------+-------+-------+-------++-------
  Melee: Falchion          |    62 |     9 |       |       |       |       |       |       |       ||    71
         Dagger            |    12 |       |       |       |       |       |       |       |       ||    12
         Short sword       |    46 |   305 |   644 |   693 |       |       |       |       |       ||  1688
         Quick blade       |       |       |       |   109 |  1525 |  2320 |  4234 |  4504 |  1576 || 14268
         Rapier            |       |       |       |    51 |   737 |  1151 |    24 |       |       ||  1963
  Throw: Dart              |       |       |       |       |       |     3 |       |       |       ||     3
 Invoke: Berserk           |       |     5 |    14 |    18 |    14 |    14 |    16 |    12 |     5 ||    98
         Trog's Hand       |       |       |     6 |     4 |     3 |     3 |    11 |     8 |     1 ||    36
         Brothers in Arms  |       |       |       |     1 |       |     1 |     5 |       |     2 ||     9
Ability: Invent Gizmo      |       |       |       |       |     1 |       |       |       |       ||     1
         Evoke Invisibilit |       |       |       |       |       |       |       |     3 |       ||     3
  Evoke: Wand              |       |       |       |     3 |     4 |    29 |    55 |    11 |    14 ||   116
         Lightning rod     |       |       |       |       |       |     4 |    22 |    11 |     3 ||    40
         Sack of spiders   |       |       |       |       |       |     1 |     6 |     2 |     4 ||    13
         Gell's gravitambo |       |       |       |       |       |       |     4 |     2 |     2 ||     8
    Use: Scroll            |       |       |    16 |    15 |    10 |     3 |    11 |    18 |    10 ||    83
         Potion            |       |       |       |       |     1 |     2 |     7 |     7 |    29 ||    46
   Stab: Sleeping          |     1 |     1 |       |       |     1 |     6 |    16 |    44 |    15 ||    84
         Paralysed         |       |       |       |     1 |       |       |     1 |       |     2 ||     4
         Petrified         |       |       |       |       |     6 |       |       |       |       ||     6
         Invisible         |       |       |       |       |       |     6 |     3 |    12 |     2 ||    23
         Distracted        |       |       |       |       |       |     1 |     3 |    11 |     6 ||    21
         Held in net/web   |       |       |       |       |       |       |    10 |     2 |       ||    12
         Confused          |       |       |       |       |       |       |     5 |       |       ||     5
 Armour: Animal skin       |    37 |     1 |       |       |       |       |       |       |       ||    38
         Ring mail         |       |   128 |   132 |    54 |       |       |       |       |       ||   314
         Steam dragon scal |       |       |       |    25 |       |       |       |   189 |   160 ||   374
         Acid dragon scale |       |       |       |   102 |   271 |   544 |   490 |   239 |       ||  1646
         Skin              |       |       |       |       |       |       |     6 |       |       ||     6
  Dodge: Dodged            |    27 |   101 |   134 |   166 |   443 |   821 |   732 |   781 |   292 ||  3497

Table legend: (Time is in decaauts)
 A = Elapsed time spent in this place.
 B = Non-inter-level travel time spent in this place.
 C = Inter-level travel time spent in this place.
 D = Time resting spent in this place.
 E = Time spent auto-exploring this place.
 F = Levels seen in this place.
 G = Mean time per level.
                   A        B        C        D        E       F      G
               +--------+--------+--------+--------+--------+-----+--------+
         Total |  68405 |  64010 |   4395 |  16469 |  34890 |  54 | 1266.8 |
       Dungeon |  17100 |  15059 |   2041 |   2419 |   9915 |  15 | 1140.0 |
          Lair |   7284 |   6767 |    517 |   1788 |   3801 |   5 | 1456.8 |
        Shoals |   6192 |   5996 |    196 |   1955 |   2867 |   4 | 1548.0 |
   Spider Nest |   7463 |   7141 |    322 |   2118 |   3899 |   4 | 1865.8 |
    Slime Pits |   3484 |   3409 |     75 |   1320 |   1349 |   5 |  696.8 |
  Orcish Mines |   1910 |   1693 |    217 |    205 |   1077 |   2 |  955.0 |
   Elven Halls |   4069 |   3912 |    157 |   1031 |   2034 |   3 | 1356.3 |
        Vaults |   7555 |   7353 |    202 |   1641 |   4368 |   4 | 1888.8 |
        Depths |   7249 |   6795 |    454 |   1922 |   3577 |   4 | 1812.2 |
          Hell |      1 |      1 |      0 |      0 |      0 |   1 |    1.0 |
           Zot |   5043 |   4832 |    211 |   1419 |   1991 |   5 | 1008.6 |
       Ossuary |    244 |    244 |      0 |     62 |      6 |   1 |  244.0 |
        Wizlab |    805 |    805 |      0 |    585 |      2 |   1 |  805.0 |
               +--------+--------+--------+--------+--------+-----+--------+

Top non-repeatable levels by time:
Vaults:3: 2385 daAuts
Shoals:4: 2323 daAuts
   Elf:3: 2320 daAuts
Spider:2: 2221 daAuts
 Slime:5: 2206 daAuts
Depths:4: 2123 daAuts
Spider:4: 2071 daAuts
     D:8: 2067 daAuts
   Zot:5: 2052 daAuts
Spider:3: 1970 daAuts
Vaults:2: 1969 daAuts
Vaults:1: 1867 daAuts
Depths:1: 1864 daAuts
  Lair:2: 1794 daAuts
  Lair:1: 1724 daAuts

Levels and vault maps discovered:
D:1:      tarquinn_simple_flora_water_d, layout_basic,
          hellmonk_ecumenical_altar_watching_god, serial_shops, shop,
          nicolae_shop_crystal
D:2:      layout_basic, serial_shops, shop, basic_altar
D:3:      minmay_goblin_kobold_castle, layout_loops_ring
D:4:      layout_basic, minmay_temple_entry_hall, ebering_ghost_reflecting_pool,
          minmay_box_of_dots, uniq_robin
D:5:      layout_gridville, minmay_quadrilaterals, uniq_grinder
D:6:      layout_loops_corners, gup_ossuary_entry_pyramid, uniq_menkaure
D:7:      layout_basic, serial_demonic, serial_demonic_a, serial_demonic_c,
          serial_demonic_f, serial_demonic_a, serial_demonic_d, serial_demonic_c
D:8:      minmay_razor_zed, layout_gridville, okawaru_ov_weapons_minmay,
          due_lair_maze_entry_diamond, nicolae_shop_gadgets, uniq_maggie
D:9:      gammafunk_beogh_shrine, layout_loops_ring,
          chequers_temple_overflow_statue_of_worship
D:10:     layout_gridville, gammafunk_ghost_smash, minmay_misc_feat_pillars,
          uniq_harold
D:11:     layout_cave_pools, orc_david_3, uniq_josephine, uniq_snorg
D:12:     layout_stronghold, uniq_nessos, uniq_azrael
D:13:     cheibrodos_body_horror, layout_rooms
D:14:     layout_roguey [special_room_orc], erik_vaults_2, zin_angel,
          minivault_24
D:15:     hangedman_depths_entry_civil_slaughter, layout_irregular_city,
          nicolae_concentric_dashed_squares_wild
Lair:1:   layout_big_grid, grunt_megastairs_3, infiniplex_staircase_pool,
          uniq_jeremiah, uniq_sonja
Lair:2:   layout_hall_layers, elwin_shoals_entry_rooms,
          nicolae_spider_entry_lesser_pyramids, minmay_shattered_shrine,
          uniq_gastronok, uniq_erica
Lair:3:   nzn_winding_woodlands_three_and_one
          [nzn_winding_woodlands_5x15_longhouse,
          nzn_winding_woodlands_5x15_river_crossing,
          nzn_winding_woodlands_5x15_zeroes,
          nzn_winding_woodlands_center_garden], layout_cave_pods,
          chequers_serial_rivers_large_b, lemuel_old_faithful
Lair:4:   layout_regular_city, slime_entry_1, serial_bayou_pond_e
Lair:5:   evilmike_catoblepas_cave, layout_cave_shapes,
          ebering_ghost_disaster_area
Shoals:1: layout_shoals, hangedman_shoal_volcano
Shoals:2: layout_shoals, uniq_polyphemus, uniq_ilsuiw
Shoals:3: layout_shoals
Shoals:4: shoals_end_hellmonk_storm_palace [storm_palace_center_square,
          storm_palace_corner_altar, storm_palace_corner_grid,
          storm_palace_corner_pillars, storm_palace_corner_narrow]
Spider:1: layout_spider_delve, nicolae_spider_undead_wolf_pack, uniq_agnes,
          uniq_donald, uniq_mlioglotl
Spider:2: layout_chambers, drop_trap, nicolae_spider_nooks_and_crannies
Spider:3: layout_spider_delve, beargit_elvish_explorers
Spider:4: guppyfry_spider_rune
Slime:1:  layout_caves
Slime:2:  layout_caves
Slime:3:  layout_caves
Slime:4:  layout_caves, nicolae_slime_barrier, nicolae_slime_getting_an_eyeful
Slime:5:  slime_pit_nicolae_block_by_block
Orc:1:    layout_caves, basic_altar
Orc:2:    st_orc_town, layout_diamond_mine
Elf:1:    elf_arrival_002, layout_gridlike, nicolae_elf_blasts_and_bolts
Elf:2:    nicolae_elf_blades_crystal_corner, layout_gridlike,
          lemuel_flamethrower_hall, uniq_jorgrun
Elf:3:    minmay_elf_hall, layout_geoelf_diagonals, hangedman_glass_teeth,
          hangedman_elf_targeted_burst
Vaults:1: mu_enter_wizlab_3, v_misc_4, nicolae_vaults_more_shelving_2,
          grunt_vaults_diagonal, ontoclasm_vaults_ring_large,
          ontoclasm_vaults_pinch, ontoclasm_vaults_gateway,
          nicolae_vaults_storage_closets_2, nicolae_vaults_more_shelving_1,
          layout_vaults_chaotic_city
Vaults:2: v_misc_1, nicolae_vaults_wrenched, minmay_crypt_entry_simple_round,
          ontoclasm_vaults_tryst, nicolae_vaults_little_squares_3, v_misc_27,
          nicolae_vaults_mini_display_case, vaults_mumra_minichess, v_misc_18,
          ontoclasm_vaults_claustrophobia, nicolae_vaults_holding_cells,
          nicolae_vaults_shelves_hall, layout_vaults_big_cross, serial_shops,
          nicolae_shop_industrial_runoff, uniq_boris, uniq_jory
Vaults:3: gammafunk_ghost_ooze, vaults_dpeg_ring, grunt_vaults_swirl,
          vaults_room_hallway, nicolae_vaults_shrinking_rooms_1,
          ontoclasm_vaults_ring_square, nicolae_vaults_turnstiles,
          vaults_room_boxed, hangedman_vaults_trim, ontoclasm_vaults_spin,
          nicolae_vaults_tetromino_Z_2, nicolae_vaults_storage_room_doors,
          serial_library_hellmonk_semicircle, nicolae_vaults_double_plus_1,
          layout_vaults_ring, serial_magic_research,
          hangedman_research_toxicology, hangedman_research_thanatology
Vaults:4: vaults_room_fancy_cross, v_rooms_5, nicolae_vaults_little_squares_1,
          ontoclasm_vaults_misaligned, vaults_room_hallway,
          layout_vaults_omnigrid
Depths:1: layout_twisted_cross, enter_ziggurat_e, abyss_entry,
          evilmike_ruin_ashenzari, grunt_mini_vestibule, rand_demon_pan_entry_1,
          nicolae_island_escapes, firewood_loft
Depths:2: hangedman_spin_cycle, pan_entry, hell_entry
Depths:3: evilmike_cross, layout_gridlike, pf_hell_entry_tar_river,
          nicolae_figureground_sparkle, pan_entry,
          regret_index_abyss_entry_already_here, lemuel_flames_and_gold,
          infiniplex_staircase_pool_2, serial_bayou_shore_b
Depths:4: evilmike_zot_entry_diamond, layout_gridlike, hell_entry,
          nicolae_qazlal_scattered_showers, grunt_megastairs_2
Hell
Zot:1:    kennysheep_blocky_room, layout_gridlike
Zot:2:    gammafunk_sealed_arena, layout_cathedral_of_symmetry,
          regret_index_zotdec_silver_v_v_loose, st_stairs_11,
          regret_index_zotdec_plus, nicolae_diode_quadrants, uniq_vv
Zot:3:    layout_misc_corridors, regret_index_zotdec_under_construction,
          nicolae_diode_basic
Zot:4:    layout_basic, regret_index_zotdec_twisting_globes, uniq_grunn
Zot:5:    layout_basic, grunt_ministairs_13, lemuel_baited_zot_trap

Table legend: (Time is in decaauts)
 A = Elapsed time spent in this place.
 B = Non-inter-level travel time spent in this place.
 C = Inter-level travel time spent in this place.
 D = Time resting spent in this place.
 E = Time spent auto-exploring this place.
 F = Levels seen in this place.
 G = Mean time per level.
                   A        B        C        D        E       F      G
               +--------+--------+--------+--------+--------+-----+--------+
         Total |  68405 |  64010 |   4395 |  16469 |  34890 |  54 | 1266.8 |
       Dungeon |  17100 |  15059 |   2041 |   2419 |   9915 |  15 | 1140.0 |
          Lair |   7284 |   6767 |    517 |   1788 |   3801 |   5 | 1456.8 |
        Shoals |   6192 |   5996 |    196 |   1955 |   2867 |   4 | 1548.0 |
   Spider Nest |   7463 |   7141 |    322 |   2118 |   3899 |   4 | 1865.8 |
    Slime Pits |   3484 |   3409 |     75 |   1320 |   1349 |   5 |  696.8 |
  Orcish Mines |   1910 |   1693 |    217 |    205 |   1077 |   2 |  955.0 |
   Elven Halls |   4069 |   3912 |    157 |   1031 |   2034 |   3 | 1356.3 |
        Vaults |   7555 |   7353 |    202 |   1641 |   4368 |   4 | 1888.8 |
        Depths |   7249 |   6795 |    454 |   1922 |   3577 |   4 | 1812.2 |
          Hell |      1 |      1 |      0 |      0 |      0 |   1 |    1.0 |
           Zot |   5043 |   4832 |    211 |   1419 |   1991 |   5 | 1008.6 |
       Ossuary |    244 |    244 |      0 |     62 |      6 |   1 |  244.0 |
        Wizlab |    805 |    805 |      0 |    585 |      2 |   1 |  805.0 |
               +--------+--------+--------+--------+--------+-----+--------+

Top non-repeatable levels by time:
Vaults:3: 2385 daAuts
Shoals:4: 2323 daAuts
   Elf:3: 2320 daAuts
Spider:2: 2221 daAuts
 Slime:5: 2206 daAuts
Depths:4: 2123 daAuts
Spider:4: 2071 daAuts
     D:8: 2067 daAuts
   Zot:5: 2052 daAuts
Spider:3: 1970 daAuts
Vaults:2: 1969 daAuts
Vaults:1: 1867 daAuts
Depths:1: 1864 daAuts
  Lair:2: 1794 daAuts
  Lair:1: 1724 daAuts

Table legend:
 A = Kills in this place as a percentage of kills in the entire game.
 B = Kills by you in this place as a percentage of kills by you in the entire game.
 C = Kills by friends in this place as a percentage of kills by friends in the entire game.
 D = Other kills in this place as a percentage of other kills in the entire game.
 E = Experience gained in this place as a percentage of experience gained in the entire game.
 F = Experience gained in this place divided by the number of levels of this place that you have seen.
                   A       B       C       D       E      F
               +-------+-------+-------+-------+-------+----------------------
         Total | 100.0 | 100.0 | 100.0 | 100.0 | 100.0 | 21800.5
       Dungeon |  24.8 |  25.4 |   5.1 |   0.0 |   8.5 | 6699.1
          Lair |   9.9 |  10.2 |   0.0 |   0.0 |   6.4 | 15083.4
        Shoals |   8.8 |   8.6 |  15.3 |  16.7 |   8.5 | 24985.2
   Spider Nest |  11.1 |  11.2 |   5.1 |  16.7 |   9.7 | 28600.8
    Slime Pits |   3.9 |   3.6 |  13.6 |   0.0 |   5.0 | 11773.0
  Orcish Mines |   5.9 |   6.1 |   0.0 |   0.0 |   1.9 | 11184.5
   Elven Halls |   5.3 |   5.4 |   0.0 |   0.0 |   7.2 | 28081.0
        Vaults |  11.2 |  11.2 |   8.5 |  33.3 |  15.0 | 44184.2
        Depths |  11.3 |  11.3 |   6.8 |  33.3 |  19.0 | 55774.5
           Zot |   6.2 |   5.5 |  32.2 |   0.0 |  17.6 | 41323.0
       Ossuary |   0.7 |   0.8 |   0.0 |   0.0 |   0.0 | 153.0
        Wizlab |   1.0 |   0.7 |  13.6 |   0.0 |   1.3 | 14899.0
               +-------+-------+-------+-------+-------+----------------------
